cohdb
Replays
Latest Replays
All Replays
Popular Replays
Top Player Replays
Match Explorer
How It Works
Community
CoH3 Stats
Reddit
Sign in to upload your games and track your stats! →
Sign in with Steam
Match 39093188
Unlisted
Match 39093188
Overview
Messages
Build Orders
End
Construct Barracks
Selects Advanced Infantry Battlegroup
Riflemen Squad
Riflemen Squad
M1 Mortar Team
Selects Convert to Ranger Squad
Grenade Package
Air Support Center
Convert to Ranger Squad
Grasshopper Recon Run
Advanced Air Reconnaissance
Air Supply
Selects Frontline Medical Station
Frontline Medical Station
Selects Artillery Observers
Grasshopper High-Altitude Recon Run
Double Sortie
P-47 Dive Bomb
Aldo Rein
Deathly_Kid
Geth Sympathizer
cpu-normal
Kidnappings
burchbeer92
Sean
vincent
0
0
Comments
sign in to comment!
No comments posted yet!